 Dungeon Crawl Stone Soup version 0.17.2-1-ge4368a0 (webtiles) character file.

2226 Goblin1989 the Basher (level 9, -5/71 HPs)
             Began as a Centaur Hunter on Sept 10, 2016.
             Was an Initiate of Gozag.
             Shot with an arrow by something (8 damage)
             ... on level 8 of the Dungeon.
             The game lasted 00:27:53 (7192 turns).

Goblin1989 the Basher (Centaur Hunter)              Turns: 7192, Time: 00:27:53

Health: -5/71      AC: 11    Str: 16    XL:     9   Next: 13%
Magic:  9/9        EV:  7    Int: 10    God:    Gozag
Gold:   0          SH:  0    Dex: 12    Spells: 0 memorised, 8 levels left

rFire  . . .     SeeInvis .     b - +0 dire flail
rCold  . . .     Clarity  .     o - +0 scale mail
rNeg   . . .     SustAt   +     (shield currently unavailable)
rPois  .         Gourm    .     (no helmet)
rElec  .         Spirit   .     (no cloak)
rCorr  .         Warding  .     g - +0 pair of gloves
rMut   .         Stasis   .     (no barding)
MR     .....                    (no amulet)
Stlth  ..........               y - ring of sustain attributes
                                c - +4 ring of protection

@: very quick, not resistant to hostile enchantments, extremely unstealthy
A: hooves 3, deformed body, speed 2, tough skin 3
a: Potion Petition, Call Merchant, Bribe Branch, Renounce Religion


You were on level 8 of the Dungeon.
You worshipped Gozag.
Gozag was noncommittal.
You were hungry.

You visited 2 branches of the dungeon, and saw 9 of its levels.
You also visited: Ossuary.

You collected 124 gold pieces.
You paid 124 gold pieces to Gozag.

Inventory:

Hand Weapons
 b - a +0 dire flail (weapon)
 w - the +1 dagger of Responsibility {freeze, rPois}
   (You found it on level 4 of the Dungeon)

   It has been specially enchanted to freeze those struck by it, causing extra
   injury to most foes and up to half again as much damage against particularly
   susceptible opponents.
   It can also slow down cold-blooded creatures.
   It protects you from poison.
Missiles
 d - 22 arrows (quivered)
Armour
 g - a +0 pair of gloves (worn)
 o - a +0 scale mail (worn)
Jewellery
 c - a +4 ring of protection (left hand)
 y - a ring of sustain attributes (right hand)
Wands
 m - a wand of flame (33)
 r - a wand of paralysis (13)
Scrolls
 k - 2 scrolls of fear
 l - a scroll of blinking {unknown}
 q - 2 scrolls of remove curse
 s - 2 scrolls of teleportation
 t - 5 scrolls of identify
 A - a scroll of recharging {unknown}
 D - a scroll of silence {unknown}
 E - a scroll of amnesia {unknown}
Potions
 h - 3 potions of heal wounds {unknown}
 i - 3 potions of brilliance {unknown}
 p - a potion of magic {unknown}
 u - a potion of lignification {unknown}
 v - 2 potions of flight {unknown}
 z - 5 potions of curing {unknown}
 B - a potion of agility {unknown}
 C - a potion of degeneration {unknown}
Comestibles
 e - 4 bread rations


   Skills:
 + Level 4.3 Fighting
 * Level 9.6 Maces & Flails
   Level 5.3 Bows
 + Level 3.1 Armour
 + Level 1.5 Dodging
 - Level 0.5 Stealth


You had 8 spell levels left.
You didn't know any spells.

Dungeon Overview and Level Annotations

Branches:
Dungeon (8/15)             Temple (1/1) D:6
   Lair: D:8-11

Altars:
Cheibriados
Dithmenos
Elyvilon
Fedhas
Gozag
Kikubaaqudgha
Makhleb
Nemelex Xobeh
Qazlal
Ru
Sif Muna
Trog
Vehumet
Xom
Yredelemnul

Annotations:
D:7 Joseph
D:8 Maurice


Innate Abilities, Weirdness & Mutations

You have hooves in place of feet.
Armour fits poorly on your strangely shaped body.
You cover ground very quickly.
You have extremely tough skin (AC +3).


Message History

Something hits you.
* * * LOW HITPOINT WARNING * * *
Something grunts, "Curses!"
You hear some strange, mumbled words.
You take 1 damage, and have 4/71 hp.
You barely miss something. Your kick misses something.
Something completely misses you.
You closely miss something. You kick something. You miss something.
Something hits you but does no damage.
You closely miss something. Your kick misses something.
An arrow appears from out of thin air!
The arrow hits you.
* * * LOW HITPOINT WARNING * * *
Found 20 gold pieces.
You take 2 damage, and have 3/71 hp.
You hear a twanging sound.
An arrow appears from out of thin air!
The arrow hits you but does no damage.
Found a stone staircase leading down.
You hear a twanging sound.
An arrow appears from out of thin air!
The arrow hits you!
You die...
Your body crumbles into a pile of gold.

#....>....#
#.........#
#.....$...#
#.......{.#
#.........#
.####.........# .
..............###. ..
..........@....... ...
.?..##...######.#.....
..........# .#.....
.........$#####.......
..###.?<.......#
#.......($..##.#
...##..(....##..# .#
##............
............[....


There were no monsters in sight!

Vanquished Creatures
  A hill giant (D:6)
  3 wyverns
  A phantom (D:5)
  3 ogres
  An elf zombie (Ossuary)
  2 giant frogs (D:8)
  2 crimson imps (D:5)
  A hound (D:4)
  A centaur zombie (Ossuary)
  2 orc priests
  2 human zombies
  An orc wizard (D:6)
  A jelly (D:5)
  Ijyb (D:3)
  Jessica (D:2)
  A human skeleton (D:6)
  Terence (D:3)
  2 big kobold zombies (Ossuary)
  4 hound zombies (Ossuary)
  3 mummies (Ossuary)
  3 gnolls (D:5)
  4 adders
  A shadow imp (D:5)
  An ooze (D:2)
  2 adder zombies (Ossuary)
  2 worms (D:4)
  An adder skeleton (D:4)
  A giant gecko (D:3)
  13 orcs
  A giant cockroach (D:1)
  4 hobgoblins
  11 jackals
  5 quokkas
  6 bats
  3 giant newts
  5 goblins
  7 goblin zombies (Ossuary)
  2 hobgoblin zombies (Ossuary)
  2 jackal zombies (Ossuary)
  3 kobolds
  4 kobold zombies (Ossuary)
  4 orc skeletons (D:6)
  2 orc zombies (Ossuary)
  4 quokka zombies
  8 rats
  3 rat zombies (Ossuary)
136 creatures vanquished.

Notes
Turn   | Place    | Note
--------------------------------------------------------------
     0 | D:1      | Goblin1989 the Centaur Hunter began the quest for the Orb.
     0 | D:1      | Reached XP level 1. HP: 17/17 MP: 1/1
   445 | D:1      | Reached XP level 2. HP: 20/25 MP: 2/2
  1169 | D:2      | Noticed Jessica
  1184 | D:2      | Reached XP level 3. HP: 26/33 MP: 3/3
  1187 | D:2      | Killed Jessica
  1544 | D:3      | Reached XP level 4. HP: 37/40 MP: 4/4
  1701 | D:3      | Found a sparkling altar of Nemelex Xobeh.
  1701 | D:3      | Found a shadowy altar of Dithmenos.
  1757 | D:3      | Noticed Terence
  1772 | D:3      | Killed Terence
  1772 | D:3      | Reached skill level 1 in Maces & Flails
  2157 | D:3      | Noticed Ijyb
  2442 | D:3      | Paralysed by Ijyb for 4 turns
  2463 | D:3      | Killed Ijyb
  2463 | D:3      | Reached XP level 5. HP: 32/46 MP: 5/5
  2936 | D:4      | Got a dazzling dagger
  2937 | D:4      | Identified the cursed +1 dagger of Responsibility {freeze, rPois} (You found it on level 4 of the Dungeon)
  3131 | D:4      | Noticed an ogre
  3150 | D:4      | Killed an ogre
  3150 | D:4      | Reached skill level 1 in Armour
  3150 | D:4      | Reached XP level 6. HP: 52/52 MP: 6/6
  3248 | D:4      | Noticed a wyvern
  3256 | D:4      | Killed a wyvern
  3584 | D:5      | Entered Level 5 of the Dungeon
  3650 | D:5      | Reached skill level 5 in Maces & Flails
  3650 | D:5      | Reached XP level 7. HP: 37/59 MP: 7/7
  3764 | D:5      | Found a burning altar of Makhleb.
  4453 | D:6      | Found a staircase to the Ecumenical Temple.
  4471 | Temple   | Entered the Ecumenical Temple
  4560 | Temple   | Became a worshipper of Gozag Ym Sagoz the Greedy
  4614 | D:6      | Found a sand-covered staircase.
  4630 | Ossuary  | Entered an ossuary
  4696 | Ossuary  | Reached skill level 6 in Maces & Flails
  4801 | Ossuary  | Reached XP level 8. HP: 53/66 MP: 8/8
  5002 | D:6      | Reached skill level 7 in Maces & Flails
  5169 | D:6      | Noticed a wyvern
  5173 | D:6      | Noticed a wyvern
  5189 | D:6      | Killed a wyvern
  5204 | D:6      | Killed a wyvern
  5204 | D:6      | Reached skill level 8 in Maces & Flails
  5861 | D:6      | Noticed a hill giant
  5924 | D:6      | Killed a hill giant
  5924 | D:6      | Reached skill level 9 in Maces & Flails
  6305 | D:6      | Reached XP level 9. HP: 54/71 MP: 9/9
  6958 | D:7      | Noticed Joseph
  7081 | D:8      | Noticed Maurice
  7188 | D:8      | HP: 3/71 [something (2)]
  7192 | D:8      | Shot with an arrow by something

Action                   |  1- 3 |  4- 6 |  7- 9 || total
-------------------------+-------+-------+-------++-------
Melee: Short sword       |    92 |       |       ||    92
       Club              |    20 |    64 |       ||    84
       Flail             |       |    74 |       ||    74
       Dire flail        |       |       |   378 ||   378
 Fire: Shortbow          |    23 |    13 |    41 ||    77
Invok: Potion Petition   |       |       |     1 ||     1
  Use: Scroll            |     4 |     4 |     3 ||    11
  Eat: Chunk             |       |     2 |     2 ||     4
       Bread ration      |       |     1 |     1 ||     2
       Fruit             |       |       |     2 ||     2
       Royal jelly       |       |       |     1 ||     1
